TOP OF THE 1ST |
Southern Maryland Blue Crabs batting - Pitching for Columbus Reds : RHP Brian Trejo
|
Pitching: RHP Brian Trejo
|
|
Batting: RHB Tony Godley
|
0-0: Ball 1-0: Ball 2-0: SINGLE (Groundball, 6D, EV 97.5 MPH)
|
Batting: RHB Daniel Jackson
|
0-0: Foul Ball, location: 2F 0-1: Swinging Strike 0-2: Foul Ball, location: 2F 0-2: Fly out, F9 (Flyball, 89D, EV 105.0 MPH)
|
Batting: RHB J.J. Basil
|
0-0: Ball 1-0: Ball 2-0: Ball 3-0: Called Strike 3-1: Foul Ball, location: 2F 3-2: Foul Ball, location: 2F 3-2: Foul Ball, location: 2F 3-2: Foul Ball, location: 2F 3-2: Base on Balls Tony Godley to second
|
Batting: LHB Justin Moore
|
0-0: Ball 1-0: Ball 2-0: Swinging Strike 2-1: Fielders Choice at 2nd, 6-4 (Groundball, 6, EV 89.4 MPH) Tony Godley to third
|
Batting: LHB Eric Jackson
|
0-0: Foul Ball, location: 2F 0-1: Ball 1-1: Foul Ball, location: 2F 1-2: Strikes out swinging
|
Top of the 1st over - 0 runs, 1 hit, 0 errors, 2 left on base; Southern Maryland 0 - Columbus 0 |
BOTTOM OF THE 1ST |
Columbus Reds batting - Pitching for Southern Maryland Blue Crabs : RHP Mark Lloyd
|
Pitching: RHP Mark Lloyd
|
|
Batting: LHB Keith Egan
|
0-0: Ball 1-0: Swinging Strike 1-1: DOUBLE (Line Drive, 5D, EV 94.4 MPH)
|
Batting: RHB Sang-ton Pak
|
0-0: Ball 1-0: Foul Ball, location: 2F 1-1: Called Strike 1-2: Foul Ball, location: 2F 1-2: Fly out, F7 (Flyball, 78D, EV 96.2 MPH)
|
Batting: RHB Pat McCoy
|
0-0: Called Strike 0-1: Called Strike 0-2: Foul Ball, location: 2F 0-2: Ball 1-2: Ball 2-2: Foul Ball, location: 2F 2-2: Foul Ball, location: 2F 2-2: Ball 3-2: Foul Ball, location: 2F 3-2: Ground out 5-3 (Groundball, 15, EV 87.5 MPH)
|
Batting: LHB Chris Redhead
|
0-0: Ball 1-0: Foul Ball, location: 2F 1-1: Called Strike 1-2: Ball 2-2: Ball 3-2: Base on Balls
|
Batting: RHB R.J. Romberg
|
0-0: Ball 1-0: Called Strike 1-1: Ball 2-1: Swinging Strike 2-2: Foul Ball, location: 2F 2-2: Foul Ball, location: 2F 2-2: Foul Ball, location: 2F 2-2: Strikes out looking
|
Bottom of the 1st over - 0 runs, 1 hit, 0 errors, 2 left on base; Southern Maryland 0 - Columbus 0 |
TOP OF THE 2ND |
Southern Maryland Blue Crabs batting - Pitching for Columbus Reds : RHP Brian Trejo
|
Batting: RHB Honório Szenes
|
0-0: Called Strike 0-1: DOUBLE (Line Drive, 5D, EV 95.6 MPH)
|
Batting: RHB Ismael Macedo
|
0-0: Ball 1-0: Ball 2-0: Called Strike 2-1: Swinging Strike 2-2: Ball 3-2: Foul Ball, location: 2F 3-2: Fly out, F5 (Popup, 5, EV 66.9 MPH)
|
Batting: RHB Matt Berrier
|
0-0: Ball 1-0: SINGLE (Flyball, 8LS, EV 97.5 MPH) Honório Szenes to third
|
Batting: RHB Danny Ayala
|
0-0: Ball 1-0: Swinging Strike 1-1: SINGLE (Line Drive, 7LS, EV 90.0 MPH) Honório Szenes scores Matt Berrier to second
|
Batting: RHB Tony Godley
|
0-0: Swinging Strike 0-1: SINGLE (Groundball, 25, EV 74.4 MPH) (infield hit) Matt Berrier to third Danny Ayala to second
|
Batting: RHB Daniel Jackson
|
0-0: Foul Ball, location: 2F 0-1: Ball 1-1: Called Strike 1-2: Ball 2-2: Foul Ball, location: 2F 2-2: GRAND SLAM HOME RUN (Flyball, 7LD, EV 96.9 MPH), Distance : 359 ft
|
Batting: RHB J.J. Basil
|
0-0: Ball 1-0: Foul Ball, location: 2F 1-1: Ball 2-1: Called Strike 2-2: Foul Ball, location: 2F 2-2: Ground out 1-3 (Groundball, 34S, EV 70.0 MPH)
|
Batting: LHB Justin Moore
|
0-0: Ball 1-0: Swinging Strike 1-1: Foul Ball, location: 2F 1-2: Ball 2-2: Ground out U3 (Groundball, 3S, EV 65.6 MPH)
|
Top of the 2nd over - 5 runs, 5 hits, 0 errors, 0 left on base; Southern Maryland 5 - Columbus 0 |
BOTTOM OF THE 2ND |
Columbus Reds batting - Pitching for Southern Maryland Blue Crabs : RHP Mark Lloyd
|
Batting: LHB Tim Kirk
|
0-0: Ball 1-0: Foul Ball, location: 2F 1-1: Ball 2-1: Ground out 4-3 (Groundball, 4, EV 91.9 MPH)
|
Batting: LHB Elijah Benton
|
0-0: Ground out 6-3 (Groundball, 6M, EV 95.6 MPH)
|
Batting: RHB Fred Barbour
|
0-0: Fly out, F8 (Flyball, 8LM, EV 91.2 MPH)
|
Bottom of the 2nd over - 0 runs, 0 hits, 0 errors, 0 left on base; Southern Maryland 5 - Columbus 0 |
TOP OF THE 3RD |
Southern Maryland Blue Crabs batting - Pitching for Columbus Reds : RHP Brian Trejo
|
Batting: LHB Eric Jackson
|
0-0: Ball 1-0: Swinging Strike 1-1: Foul Ball, location: 2F 1-2: Ball 2-2: SINGLE (Line Drive, 4D, EV 106.2 MPH)
|
Pitching: RHP Alex Villagomez
|
|
Batting: RHB Honório Szenes
|
0-0: Ball 1-0: Ball 2-0: SINGLE (Line Drive, 7S, EV 90.0 MPH) Eric Jackson to second
|
Batting: RHB Ismael Macedo
|
0-0: Ball 1-0: Foul Ball, location: 2F 1-1: Ball 2-1: Ball 3-1: Reached on error, E5 (Groundball, 56S, EV 92.5 MPH) Eric Jackson to third Honório Szenes to second
|
Batting: RHB Matt Berrier
|
0-0: Ball 1-0: Ball 2-0: Reached via error on a dropped throw from 3B, E4 (Groundball, 56, EV 109.4 MPH) Eric Jackson scores Honório Szenes to third Ismael Macedo to second
|
Batting: RHB Danny Ayala
|
0-0: Called Strike 0-1: Ball 1-1: SINGLE (Groundball, 4M, EV 103.1 MPH) Honório Szenes scores Ismael Macedo to third Matt Berrier to second
|
Batting: RHB Tony Godley
|
0-0: Called Strike 0-1: Ball 1-1: SINGLE (Groundball, 5S, EV 70.0 MPH) (infield hit) Ismael Macedo scores Matt Berrier to third Danny Ayala to second
|
Batting: RHB Daniel Jackson
|
0-0: Foul Ball, location: 2F 0-1: GRAND SLAM HOME RUN (Flyball, 7D, EV 100.6 MPH), Distance : 401 ft
|
Pitching: RHP Kyle Vance
|
|
Batting: RHB J.J. Basil
|
0-0: Swinging Strike 0-1: Ball 1-1: Ball 2-1: Called Strike 2-2: Ball 3-2: Strikes out swinging
|
Batting: LHB Justin Moore
|
0-0: Ball 1-0: Called Strike 1-1: Ball 2-1: Fly out, F8 (Flyball, 8LS, EV 95.6 MPH)
|
Batting: LHB Eric Jackson
|
0-0: Foul Ball, location: 2F 0-1: Foul Ball, location: 2F 0-2: Foul Ball, location: 2F 0-2: Ball 1-2: Ball 2-2: Ball 3-2: Foul Ball, location: 2F 3-2: Strikes out swinging
|
Top of the 3rd over - 7 runs, 5 hits, 2 errors, 0 left on base; Southern Maryland 12 - Columbus 0 |
BOTTOM OF THE 3RD |
Columbus Reds batting - Pitching for Southern Maryland Blue Crabs : RHP Mark Lloyd
|
Batting: RHB Alex de Leon
|
0-0: Ball 1-0: Called Strike 1-1: Fly out, F8 (Flyball, 8LM, EV 81.9 MPH)
|
Batting: LHB Keith Egan
|
0-0: Foul Ball, location: 2F 0-1: Swinging Strike 0-2: SINGLE (Line Drive, 9LS, EV 92.5 MPH)
|
Batting: RHB Sang-ton Pak
|
0-0: Ball Keith Egan steals 2nd base 1-0: Foul Ball, location: 2F 1-1: Foul Ball, location: 2F 1-2: Ground out U3 (Groundball, 3, EV 98.8 MPH) Keith Egan to third
|
Batting: RHB Pat McCoy
|
0-0: Ball 1-0: Ball 2-0: Called Strike 2-1: Ground out 4-3 (Groundball, 4, EV 86.9 MPH)
|
Bottom of the 3rd over - 0 runs, 1 hit, 0 errors, 1 left on base; Southern Maryland 12 - Columbus 0 |
TOP OF THE 4TH |
Southern Maryland Blue Crabs batting - Pitching for Columbus Reds : RHP Kyle Vance
|
Batting: RHB Honório Szenes
|
0-0: Ball 1-0: Swinging Strike 1-1: SINGLE (Groundball, 3S, EV 72.5 MPH) (infield hit)
|
Batting: RHB Ismael Macedo
|
0-0: Ball 1-0: Called Strike 1-1: Ball 2-1: Fielders Choice at 2nd, 5-4 (Groundball, 56S, EV 86.9 MPH)
|
Batting: RHB Matt Berrier
|
0-0: Ball 1-0: Foul Ball, location: 2F 1-1: DOUBLE (Line Drive, 5D, EV 98.1 MPH) Ismael Macedo to third
|
Batting: RHB Danny Ayala
|
0-0: Ball 1-0: Called Strike 1-1: Fly out, F6 (Line Drive, 6, EV 75.0 MPH)
|
Pitching: RHP Dave Baber
|
|
Batting: RHB Tony Godley
|
0-0: Called Strike 0-1: Ball 1-1: Called Strike 1-2: Ball 2-2: Ball 3-2: Hit by Pitch
|
Batting: RHB Daniel Jackson
|
0-0: Ball 1-0: Foul Ball, location: 2F 1-1: Swinging Strike 1-2: Ball 2-2: Ball 3-2: Foul Ball, location: 2F 3-2: Foul Ball, location: 2F 3-2: Foul Ball, location: 2F 3-2: Strikes out swinging
|
Top of the 4th over - 0 runs, 2 hits, 0 errors, 3 left on base; Southern Maryland 12 - Columbus 0 |
BOTTOM OF THE 4TH |
Columbus Reds batting - Pitching for Southern Maryland Blue Crabs : RHP Mark Lloyd
|
Batting: LHB Chris Redhead
|
0-0: Called Strike 0-1: Ball 1-1: Ball 2-1: Ball 3-1: Called Strike 3-2: Strikes out swinging
|
Batting: RHB R.J. Romberg
|
0-0: Called Strike 0-1: Ball 1-1: Swinging Strike 1-2: Foul Ball, location: 2F 1-2: Strikes out swinging
|
Batting: LHB Tim Kirk
|
0-0: Called Strike 0-1: Swinging Strike 0-2: DOUBLE (Flyball, 89D, EV 96.2 MPH)
|
Batting: LHB Elijah Benton
|
0-0: Ball 1-0: Ball 2-0: Called Strike 2-1: Ground out 6-3 (Groundball, 6, EV 81.2 MPH)
|
Bottom of the 4th over - 0 runs, 1 hit, 0 errors, 1 left on base; Southern Maryland 12 - Columbus 0 |
TOP OF THE 5TH |
Southern Maryland Blue Crabs batting - Pitching for Columbus Reds : RHP Dave Baber
|
Batting: RHB J.J. Basil
|
0-0: Foul Ball, location: 2F 0-1: Swinging Strike 0-2: Ball 1-2: Ball 2-2: Foul Ball, location: 2F 2-2: Foul Ball, location: 2F 2-2: Strikes out swinging
|
Batting: LHB Justin Moore
|
0-0: Foul Ball, location: 2F 0-1: Swinging Strike 0-2: Fly out, F7 (Flyball, 7S, EV 88.8 MPH)
|
Batting: LHB Eric Jackson
|
0-0: Fly out, F7 (Flyball, 7LS, EV 81.9 MPH)
|
Top of the 5th over - 0 runs, 0 hits, 0 errors, 0 left on base; Southern Maryland 12 - Columbus 0 |
BOTTOM OF THE 5TH |
Columbus Reds batting - Pitching for Southern Maryland Blue Crabs : RHP Mark Lloyd
|
Batting: RHB Fred Barbour
|
0-0: Called Strike 0-1: Fly out, F8 (Flyball, 8LD, EV 91.9 MPH)
|
Batting: RHB Alex de Leon
|
0-0: Ball 1-0: SINGLE (Line Drive, 5D, EV 110.6 MPH)
|
Batting: LHB Keith Egan
|
0-0: Ball 1-0: Ball 2-0: Fly out, F8 (Line Drive, 8RD, EV 96.2 MPH)
|
Batting: RHB Sang-ton Pak
|
0-0: Called Strike 0-1: Foul Ball, location: 2F 0-2: Foul Ball, location: 2F 0-2: Foul Ball, location: 2F 0-2: Ball Alex de Leon steals 2nd base (no throw) 1-2: Ball 2-2: Fly out, F9 (Flyball, 89S, EV 72.5 MPH)
|
Bottom of the 5th over - 0 runs, 1 hit, 0 errors, 1 left on base; Southern Maryland 12 - Columbus 0 |
TOP OF THE 6TH |
Southern Maryland Blue Crabs batting - Pitching for Columbus Reds : RHP Dave Baber
|
Batting: RHB Honório Szenes
|
0-0: Ball 1-0: TRIPLE (Line Drive, 89XD, EV 100.0 MPH)
|
Batting: RHB Ismael Macedo
|
0-0: Called Strike 0-1: 2-RUN HOME RUN (Flyball, 9LD, EV 92.5 MPH), Distance : 355 ft
|
Batting: RHB Matt Berrier
|
0-0: Swinging Strike 0-1: Ball 1-1: Swinging Strike 1-2: Strikes out swinging
|
Batting: RHB Danny Ayala
|
0-0: Called Strike 0-1: Ball 1-1: Called Strike 1-2: Foul Ball, location: 2F 1-2: Foul Ball, location: 2F 1-2: Foul Ball, location: 2F 1-2: Foul Ball, location: 2F 1-2: Strikes out swinging
|
Batting: RHB Tony Godley
|
0-0: Fly out, F7 (Flyball, 78D, EV 95.0 MPH)
|
Top of the 6th over - 2 runs, 2 hits, 0 errors, 0 left on base; Southern Maryland 14 - Columbus 0 |
BOTTOM OF THE 6TH |
Columbus Reds batting - Pitching for Southern Maryland Blue Crabs : RHP Mark Lloyd
|
Batting: RHB Pat McCoy
|
0-0: Ball 1-0: Ball 2-0: Fly out, F9 (Flyball, 9LS, EV 70.0 MPH)
|
Batting: LHB Chris Redhead
|
0-0: Ball 1-0: DOUBLE (Line Drive, 3D, EV 105.0 MPH)
|
Batting: RHB R.J. Romberg
|
0-0: Ball 1-0: Foul Ball, location: 2F 1-1: Foul Ball, location: 2F 1-2: Fly out, F9 (Flyball, 9D, EV 75.0 MPH)
|
Batting: LHB Tim Kirk
|
0-0: Swinging Strike 0-1: Called Strike 0-2: Ball 1-2: Ball 2-2: Ground out U3 (Groundball, 3S, EV 94.4 MPH)
|
Bottom of the 6th over - 0 runs, 1 hit, 0 errors, 1 left on base; Southern Maryland 14 - Columbus 0 |
TOP OF THE 7TH |
Southern Maryland Blue Crabs batting - Pitching for Columbus Reds : RHP Dave Baber
|
Batting: RHB Daniel Jackson
|
0-0: Called Strike 0-1: Ball 1-1: Fly out, F9 (Line Drive, 9, EV 96.2 MPH)
|
Pitching: LHP Davy Thorne
|
|
Batting: RHB J.J. Basil
|
0-0: Foul Ball, location: 2F 0-1: Ball 1-1: Foul Ball, location: 2F 1-2: Strikes out looking
|
Pinch Hitting: RHB Dan Thomey
|
0-0: Ball 1-0: Swinging Strike 1-1: Ball 2-1: Foul Ball, location: 2F 2-2: Foul Ball, location: 2F 2-2: Strikes out swinging
|
Top of the 7th over - 0 runs, 0 hits, 0 errors, 0 left on base; Southern Maryland 14 - Columbus 0 |
BOTTOM OF THE 7TH |
Columbus Reds batting - Pitching for Southern Maryland Blue Crabs : RHP Mark Lloyd
|
Now at 1B: Dan Thomey
|
|
Batting: LHB Elijah Benton
|
0-0: Ball 1-0: Ball 2-0: Called Strike 2-1: Foul Ball, location: 2F 2-2: SINGLE (Groundball, 4D, EV 101.9 MPH)
|
Batting: RHB Fred Barbour
|
0-0: Ball 1-0: Ball 2-0: Ball 3-0: Base on Balls Elijah Benton to second
|
Pitching: RHP Marco Benavente
|
|
Batting: RHB Alex de Leon
|
0-0: Called Strike 0-1: Swinging Strike 0-2: Ball 1-2: Foul Ball, location: 2F 1-2: Ball 2-2: Strikes out swinging
|
Batting: LHB Keith Egan
|
0-0: Ball 1-0: Fielders Choice at 2nd, 3-6 (Groundball, 3, EV 87.5 MPH) Elijah Benton to third
|
Batting: RHB Sang-ton Pak
|
0-0: Called Strike 0-1: Called Strike 0-2: Strikes out swinging
|
Bottom of the 7th over - 0 runs, 1 hit, 0 errors, 2 left on base; Southern Maryland 14 - Columbus 0 |
TOP OF THE 8TH |
Southern Maryland Blue Crabs batting - Pitching for Columbus Reds : LHP Davy Thorne
|
Batting: LHB Eric Jackson
|
0-0: Called Strike 0-1: Ground out 6-3 (Groundball, 56, EV 90.0 MPH)
|
Batting: RHB Honório Szenes
|
0-0: SINGLE (Groundball, 4M, EV 104.4 MPH) (infield hit)
|
Batting: RHB Ismael Macedo
|
0-0: Called Strike 0-1: Ball 1-1: Ball 2-1: 2-RUN HOME RUN (Flyball, 7LD, EV 98.8 MPH), Distance : 355 ft
|
Batting: RHB Matt Berrier
|
0-0: Ball 1-0: Ball 2-0: Ball 3-0: Called Strike 3-1: Foul Ball, location: 2F 3-2: Foul Ball, location: 2F 3-2: Base on Balls
|
Pitching: RHP Matt Cronin
|
|
Batting: RHB Danny Ayala
|
0-0: Ball 1-0: Called Strike 1-1: Swinging Strike 1-2: SINGLE (Line Drive, 4MD, EV 101.9 MPH) Matt Berrier to second
|
Batting: RHB Tony Godley
|
0-0: Ball 1-0: SINGLE (Groundball, 6D, EV 98.1 MPH) Matt Berrier to third Danny Ayala to second
|
Batting: RHB Daniel Jackson
|
0-0: Ball 1-0: Fly out, F9 (Line Drive, 9D, EV 93.8 MPH) Runner from 3rd tags up, OUT at HOME! 9-2
|
Top of the 8th over - 2 runs, 4 hits, 0 errors, 2 left on base; Southern Maryland 16 - Columbus 0 |
BOTTOM OF THE 8TH |
Columbus Reds batting - Pitching for Southern Maryland Blue Crabs : RHP Marco Benavente
|
Batting: RHB Pat McCoy
|
0-0: Foul Ball, location: 2F 0-1: Foul Ball, location: 2F 0-2: Strikes out swinging
|
Batting: LHB Chris Redhead
|
0-0: Ball 1-0: Foul Ball, location: 2F 1-1: Ball 2-1: Foul Ball, location: 2F 2-2: Fly out, F4 (Popup, 4S, EV 68.8 MPH)
|
Batting: RHB R.J. Romberg
|
0-0: Ball 1-0: Ball 2-0: Called Strike 2-1: Called Strike 2-2: Ball 3-2: Strikes out swinging
|
Bottom of the 8th over - 0 runs, 0 hits, 0 errors, 0 left on base; Southern Maryland 16 - Columbus 0 |
TOP OF THE 9TH |
Southern Maryland Blue Crabs batting - Pitching for Columbus Reds : RHP Matt Cronin
|
Batting: RHB J.J. Basil
|
0-0: Ball 1-0: Called Strike 1-1: Ball 2-1: SOLO HOME RUN (Flyball, 78XD, EV 104.4 MPH), Distance : 443 ft
|
Batting: RHB Dan Thomey
|
0-0: Ball 1-0: Called Strike 1-1: Ball 2-1: Foul Ball, location: 2F 2-2: Ball 3-2: Base on Balls
|
Batting: LHB Eric Jackson
|
0-0: Called Strike 0-1: Swinging Strike 0-2: Foul Ball, location: 2F 0-2: Foul Ball, location: 2F Balk! Dan Thomey to second 0-2: Strikes out swinging
|
Batting: RHB Honório Szenes
|
0-0: Ball 1-0: Foul Ball, location: 2F 1-1: Foul Ball, location: 2F 1-2: Foul Ball, location: 2F 1-2: Ball 2-2: Ball 3-2: Base on Balls
|
Batting: RHB Ismael Macedo
|
0-0: Ball 1-0: Called Strike 1-1: Ball 2-1: 3-RUN HOME RUN (Flyball, 78XD, EV 108.8 MPH), Distance : 425 ft
|
Batting: RHB Matt Berrier
|
0-0: Ball 1-0: Called Strike 1-1: Ball 2-1: Ball 3-1: Called Strike 3-2: Foul Ball, location: 2F 3-2: Foul Ball, location: 2F 3-2: Base on Balls
|
Batting: RHB Danny Ayala
|
0-0: Called Strike 0-1: Ball 1-1: Foul Ball, location: 2F 1-2: Ball 2-2: Foul Ball, location: 2F 2-2: Fielders Choice at 2nd, 6-4 (Groundball, 6, EV 83.1 MPH)
|
Batting: RHB Tony Godley
|
0-0: Called Strike 0-1: Foul Ball, location: 2F 0-2: Foul Ball, location: 2F 0-2: Strikes out swinging
|
Top of the 9th over - 4 runs, 2 hits, 0 errors, 1 left on base; Southern Maryland 20 - Columbus 0 |
BOTTOM OF THE 9TH |
Columbus Reds batting - Pitching for Southern Maryland Blue Crabs : RHP Marco Benavente
|
Batting: LHB Tim Kirk
|
0-0: Ball 1-0: Ball 2-0: Swinging Strike 2-1: Called Strike 2-2: Ball 3-2: Strikes out looking
|
Batting: LHB Elijah Benton
|
0-0: Called Strike 0-1: Swinging Strike 0-2: Strikes out swinging
|
Batting: RHB Fred Barbour
|
0-0: Ball 1-0: Ball 2-0: Called Strike 2-1: Ball 3-1: Foul Ball, location: 2F 3-2: SINGLE (Line Drive, 89M, EV 101.2 MPH)
|
Batting: RHB Alex de Leon
|
0-0: Ball 1-0: Ball 2-0: Called Strike 2-1: Ball 3-1: Foul Ball, location: 2F 3-2: Foul Ball, location: 2F 3-2: Foul Ball, location: 2F 3-2: Base on Balls Fred Barbour to second
|
Pitching: RHP Casey Tietjen
|
|
Batting: LHB Keith Egan
|
0-0: Ball 1-0: Ball 2-0: Ball 3-0: Called Strike 3-1: Base on Balls Fred Barbour to third Alex de Leon to second
|
Batting: RHB Sang-ton Pak
|
0-0: Ball 1-0: Ball 2-0: Ball 3-0: Called Strike 3-1: Base on Balls Fred Barbour scores Alex de Leon to third Keith Egan to second
|
Batting: RHB Pat McCoy
|
0-0: Called Strike 0-1: Called Strike 0-2: Ball 1-2: Foul Ball, location: 2F 1-2: Foul Ball, location: 2F 1-2: Ball 2-2: Ball 3-2: Foul Ball, location: 2F 3-2: Fly out, F7 (Flyball, 7LM, EV 95.0 MPH)
|
Bottom of the 9th over - 1 run, 1 hit, 0 errors, 3 left on base; Southern Maryland 20 - Columbus 1 |
|